 Dungeon Crawl Stone Soup version 0.29-a0-902-g0f71de6fce (webtiles) character file.

Game seed: 10058776126118735197

23 greasedhog the Shooter (level 2, -1/17 HPs)
             Began as a Gargoyle Hunter on July 25, 2022.
             Slain by a worm (8 damage)
             ... on level 2 of the Dungeon.
             The game lasted 00:01:47 (1326 turns).

greasedhog the Shooter (Gargoyle Hunter)            Turns: 1326, Time: 00:01:48

Health: -1/17      AC:  5    Str: 14    XL:     2   Next: 95%
Magic:  2/2        EV: 12    Int:  9    God:
Gold:   29         SH:  0    Dex: 13    Spells: 1/1 levels left

rFire   . . .      SeeInvis .   l - +0 short sword
rCold   . . .      Faith    .   (no shield)
rNeg    + . .      Spirit   .   c - +0 leather armour
rPois   ∞          Reflect  .   (no helmet)
rElec   +          Harm     .   (no cloak)
rCorr   .          Rampage  .   (no gloves)
Will    .....                   (no boots)
Stlth   +.........              (no amulet)
HPRegen 0.05/turn               (no ring)
MPRegen 0.08/turn               (no ring)

@: no status effects
A: sickness immunity, AC +2, negative energy resistance 1, electricity
resistance, torment resistance 1, petrification resistance
a: no special abilities


You were on level 2 of the Dungeon.
You visited 1 branch of the dungeon, and saw 2 of its levels.

You collected 29 gold pieces.

Inventory:

Hand Weapons
 a - a +0 shortbow
 l - a +0 short sword (weapon)
Armour
 c - a +0 leather armour (worn)
Jewellery
 h - a ring of magical power
Scrolls
 b - 2 scrolls of immolation
 f - 2 scrolls of identify
 j - a scroll of butterflies {unknown}
Potions
 d - a potion of haste {unknown}
 e - a potion of might {unknown}
 g - a potion of curing {unknown}
 i - a potion of berserk rage {unknown}
 k - a potion of brilliance {unknown}


   Skills:
 - Level 2.1 Fighting
 * Level 4.4 Ranged Weapons
 * Level 2.2 Dodging
 - Level 1.1 Stealth


You had one spell level left.
You didn't know any spells.
Your spell library was empty.

Dungeon Overview and Level Annotations

Branches:
Dungeon (2/15)

Altars:


Innate Abilities, Weirdness & Mutations

You are immune to sickness and miasma.
Your stone body is resilient. (AC +2)
You are immune to poison.
You resist negative energy. (rN+)
You are resistant to electric shocks. (rElec)
You are resistant to unholy torment.
You are immune to petrification.


Message History

You hit the jackal.
The jackal is severely wounded.
The jackal closely misses you.
The jackal bites you but does no damage.
You hit the jackal.
You kill the jackal!
You start resting.
HP restored.
a - a +0 shortbow (weapon)
Found 3 poisoned darts.
An endoplasm comes into view.
The endoplasm quivers.
You shoot an arrow. The arrow hits the endoplasm.
You kill the endoplasm!
No target in view!
A worm comes into view.
You see here a scroll of identify.
f - 2 scrolls of identify (gained 1)
You shoot an arrow.
The arrow hits the worm but does no damage.
You shoot an arrow. The arrow hits the worm.
The worm is moderately wounded.
You shoot an arrow. The arrow hits the worm.
The worm is moderately wounded.
You shoot an arrow. The arrow barely misses the worm.
l - a +0 short sword (weapon)
You barely miss the worm.
The worm is lightly wounded.
The worm bites you.
You barely miss the worm.
The worm is lightly wounded.
You hit the worm but do no damage.
The worm is lightly wounded.
The worm bites you.
You hit the worm.
The worm is lightly wounded.
You hit the worm.
The worm is moderately wounded.
The worm bites you!
You die...

# #.....###..##. ..
##............. ...
###..#...........
....####...#............
..(...#..###............
.............#..........
....###........<........
....##..#........##.....
#...@#...#.##..#...<.
.....#.w......# #.......
.........#..............
.......#....#####.......
....... .#.## #.....#..
....... ...# ..#.#.##.
....... .# # . #... ..
....... .# ###. .


You could see a worm.

Vanquished Creatures
  A worm (D:2)
  3 endoplasms
  9 jackals
  A ball python (D:1)
  2 frilled lizards (D:2)
  A rat (D:1)
17 creatures vanquished.

Notes
Turn   | Place    | Note
-------+----------+-------------------------------------------
     0 | D:1      | greasedhog the Gargoyle Hunter began the quest for the Orb.
     0 | D:1      | Reached XP level 1. HP: 12/12 MP: 1/1
   228 | D:1      | Found a faded altar of an unknown god.
   872 | D:2      | Reached XP level 2. HP: 17/17 MP: 2/2
  1326 | D:2      | Slain by a worm

Illustrated notes

Levels and vault maps discovered:
D:1:      dpeg_arrival_radiant, layout_loops_corners,
          hellmonk_ecumenical_altar_blasted, serial_forest,
          infiniplex_forest_straight_2, infiniplex_forest_straight_3,
          infiniplex_forest_lined_2, infiniplex_forest_straight_3,
          infiniplex_forest_end_1, infiniplex_forest_clump_tiny,
          infiniplex_forest_straight_3, infiniplex_forest_lined_room_2,
          infiniplex_forest_diagonal
D:2:      layout_rooms, serial_shops, nicolae_shop_advertising_works
          [nicolae_subvault_shop_adworks], uniq_jessica

Skill      XL: |  1  2 |
---------------+-------+-----
Dodging        | 2 |  2.2
Fighting       | |  2.1
Ranged Weapons | |  4.4
Stealth        | |  1.1

Action                   || total
-------------------------++-------
Melee: Short sword       ||    31
 Fire: Shortbow          ||    45
  Use: Scroll            ||     1
Armor: Leather armour    ||    33
Dodge: Dodged            ||    31

Table legend: (Time is in decaauts)
 A = Elapsed time spent in this place.
 B = Non-inter-level travel time spent in this place.
 C = Inter-level travel time spent in this place.
 D = Time resting spent in this place.
 E = Time spent auto-exploring this place.
 F = Levels seen in this place.
 G = Mean time per level.
                   A        B        C        D        E       F      G
               +--------+--------+--------+--------+--------+-----+--------+
         Total |   1340 |   1305 |     35 |    321 |    830 |   2 |  670.0 |
       Dungeon |   1340 |   1305 |     35 |    321 |    830 |   2 |  670.0 |
               +--------+--------+--------+--------+--------+-----+--------+

Top non-repeatable levels by time:
     D:1: 867 daAuts
     D:2: 472 daAuts
